 Dungeon Crawl Stone Soup version 0.17-a0-2002-g92c7e20 (webtiles) character file.

21 wvc the Ruffian (level 2, -5/23 HPs)
             Began as a Draconian Transmuter on Oct 8, 2015.
             Was a Follower of Makhleb.
             Killed from afar by Natasha (6 damage)
             ... with a wand of magic darts
             ... on level 2 of the Dungeon.
             The game lasted 00:02:28 (1341 turns).

wvc the Ruffian (Draconian Transmuter)              Turns: 1341, Time: 00:02:28

Health: -5/23      AC:  7    Str: 12    XL:     2   Next: 62%
Magic:  1/5        EV: 12    Int: 13    God:    Makhleb [*.....]
Gold:   89         SH:  0    Dex: 11    Spells: 2 memorised, 3 levels left

rFire  . . .     SeeInvis .       - Unarmed
rCold  . . .     Clarity  .     (armour unavailable)
rNeg   . . .     SustAt   .     (no shield)
rPois  .         Gourm    .     (helmet restricted)
rElec  .         Spirit   .     (no cloak)
rCorr  .         Warding  .     i - +2 pair of gloves
rMut   .         Stasis   .     (boots currently unavailable)
MR     .....                    (no amulet)
Stlth  +.........               (no ring)
                                (no ring)

@: appendage (expiring), very slightly contaminated, slowed, very slow, not
resistant to hostile enchantments, very unstealthy
A: unfitting armour, talons 3, cold-blooded, AC +4
a: End Transformation, Renounce Religion


You were on level 2 of the Dungeon.
You worshipped Makhleb.
Makhleb was aware of your devotion.
You were not hungry.
You had grown temporary talons.
You visited 1 branch of the dungeon, and saw 2 of its levels.

You collected 89 gold pieces.

Inventory:

Missiles
 a - 30 arrows
 k - 47 poisoned needles
Armour
 i - a +2 pair of gloves (worn)
Jewellery
 g - an uncursed ring of positive energy {unknown}
Scrolls
 d - 2 scrolls of fear {unknown}
 h - 2 scrolls of identify {unknown}
 j - a scroll of noise {unknown}
 l - a scroll of remove curse {unknown}
Potions
 e - a potion of magic {unknown}
 f - a potion of degeneration {unknown}
 m - a potion of might {unknown}
 n - a potion of curing {unknown}
Books
 b - a book of Changes

   Spells                             Type                      Level
   a - Beastly Appendage              Transmutation                1
   b - Sticks to Snakes               Transmutation                2
   c - Spider Form                    Transmutation/Poison         3
   d - Ice Form                       Ice/Transmutation            4
   e - Blade Hands                    Transmutation                5
Comestibles
 c - a bread ration


   Skills:
 - Level 1.1 Fighting
 - Level 1.7 Dodging
 - Level 3.0 Unarmed Combat
 + Level 2.6 Spellcasting
 * Level 2.6 Transmutations


You had 3 spell levels left.
You knew the following spells:

 Your Spells              Type           Power        Failure   Level  Hunger
a - Beastly Appendage     Trmt           #.....       10%         1    #......
b - Sticks to Snakes      Trmt           #.........   14%         2    ###....


Dungeon Overview and Level Annotations

Branches:
Dungeon (2/15)

Altars:
Makhleb

Annotations:
D:2 Natasha


Innate Abilities, Weirdness & Mutations

Your plain brown scales are hard (AC +4).
Your body does not fit into most forms of armour.
You are cold-blooded and may be slowed by cold attacks.
You have claws for feet.


Message History

Natasha is heavily wounded.
Your transformation is almost over.
Natasha zaps a wand.
The magic dart hits you!
* * * LOW HITPOINT WARNING * * *
The rat twitches its whiskers.
Natasha barely misses you.
You closely miss Natasha.
Natasha is heavily wounded.
Natasha barely misses you.
You closely miss Natasha. You claw Natasha, but do no damage.
Natasha is heavily wounded.
Natasha zaps a wand.
The magic dart hits you!
* * * LOW HITPOINT WARNING * * *
Unknown command.
You swap places.
Natasha extends her claws.
Natasha zaps a wand.
The magic dart hits your ball python.
Your ball python dies!
Natasha zaps a wand.
The magic dart hits you!
You die...

........# #.#
####....# #.# #
###### #.# # ..
#.# ... #.#
.... #.# ...$.
#.#
.....5######.#
.....rh.@ยง...#
.....5########
....) ####


You could see an iron imp, Natasha, a crimson imp and a rat.

Vanquished Creatures
  5 bats
  2 hobgoblins (D:1)
  5 kobolds
  A giant cockroach (D:2)
  2 giant geckos (D:1)
  2 giant newts (D:1)
  3 goblins (D:1)
20 creatures vanquished.

Notes
Turn   | Place    | Note
--------------------------------------------------------------
     0 | D:1      | wvc the Draconian Transmuter began the quest for the Orb.
     0 | D:1      | Reached XP level 1. HP: 16/16 MP: 3/3
   422 | D:1      | Reached XP level 2. HP: 23/23 MP: 3/5
   802 | D:1      | Learned a level 2 spell: Sticks to Snakes
  1148 | D:2      | Found a faded altar to an unknown god.
  1156 | D:2      | Became a worshipper of Makhleb the Destroyer
  1156 | D:2      | Acquired Makhleb's first power
  1327 | D:2      | Noticed Natasha
  1340 | D:2      | HP: 1/23 [Natasha/wand of magic darts (3)]
  1341 | D:2      | Killed from afar by Natasha

Vault maps used:
D:1:      dpeg_arrival_boxorama
D:2:      ecumenical_altar_1, minmay_misc_feat_roman, uniq_natasha

Action                   || total
-------------------------++-------
Melee: Unarmed           ||    85
 Cast: Beastly Appendage ||    16
       Sticks to Snakes  ||     1
  Eat: Pizza             ||     1
